 Dungeon Sprint DCSS version 0.27.0-1-g7a089689b8 (webtiles) character file.

Game seed: 16317752374760645114

63 Groucho the Covered (level 4, -1/31 HPs)
             Began as a Gargoyle Fighter on Aug 5, 2021.
             Was an Initiate of Cheibriados.
             Slain by a vampire (8 damage)
             ... in the Dungeon (Sprint IX: "|||||||||||||||||||||||||||||").
             The game lasted 00:01:25 (618 turns).

Groucho the Covered (Gargoyle Fighter)               Turns: 618, Time: 00:01:25

Health: -1/31      AC: 13    Str: 21    XL:     4   Next: 9%
Magic:  4/4        EV:  9    Int:  9    God:    Cheibriados [......]
Gold:   0          SH: 10    Dex: 14    Spells: 3/3 levels left

rFire    . . .     SeeInvis .   l - +1 broad axe (vorpal)
rCold    . . .     Faith    .   c - +0 kite shield
rNeg     + . .     Spirit   .   m - +1 scale mail
rPois    ∞         Reflect  .   (no helmet)
rElec    +         Harm     .   (no cloak)
rCorr    .         Rampage  .   a - +0 pair of gloves
Will     .....     NoTele   +   (no boots)
Stlth    ..........             (no amulet)
HPRegen  0.10/turn              b - +2 ring of evasion
MPRegen  0.09/turn              n - +3 ring of dexterity

@: very slightly contaminated, invisible, very slow
A: sickness immunity, AC +3, negative energy resistance 1, electricity
resistance, torment resistance 1, petrification resistance
a: Renounce Religion, Bend Time


You were in the Dungeon.
You worshipped Cheibriados.
Cheibriados was noncommittal.
You visited 1 branch

Inventory:

Hand Weapons
 l - a +1 vorpal broad axe (weapon)
Armour
 a - a +0 pair of gloves (worn)
 c - a +0 kite shield (worn)
 m - a +1 scale mail (worn)
Jewellery
 b - a +2 ring of evasion (left hand)
 n - a +3 ring of dexterity (right hand)
Wands
 k - a wand of iceblast (10)
Scrolls
 i - 2 scrolls of amnesia
 j - 2 scrolls of blinking
Potions
 d - a potion of might
 e - 4 potions of curing
 g - a potion of heal wounds
 h - 4 potions of magic


   Skills:
 + Level 5.2 Fighting
 + Level 3.8 Axes
 + Level 5.3 Armour
 + Level 5.3 Shields


You had 3 spell levels left.
You didn't know any spells.
Your spell library was empty.

Dungeon Overview and Level Annotations

Branches:
Dungeon (1/1)

Altars:
Cheibriados
Dithmenos
Elyvilon
Fedhas
Gozag
Hepliaklqana
Kikubaaqudgha
Makhleb
Nemelex Xobeh
Okawaru
Qazlal
Ru
Sif Muna
Trog
Uskayaw
Vehumet
Wu Jian
Xom
Yredelemnul
Zin
The Shining One
Beogh
Jiyva
Lugonu


Innate Abilities, Weirdness & Mutations

You are immune to sickness and miasma.
Your stone body is resilient. (AC +3)
You are immune to poison.
You resist negative energy. (rN+)
You are resistant to electric shocks. (rElec)
You are resistant to unholy torment.
You are immune to petrification.


Message History

Something bites you but does no damage.
You are very lightly contaminated with residual magic.
You hit something but do no damage.
You hear some strange, mumbled words.
You are confused.
You bump into the unnaturally hard rock wall.
Something hits you. Something bites you.
You bump into the unnaturally hard rock wall.
Something hits you but does no damage. Something bites you.
Unknown command.
You feel better. Something hits you. Something bites you.
You hit something but do no damage. Something hits you but does no damage.
Something bites you.
* * * LOW HITPOINT WARNING * * *
Something hits you!
* * * LOW HITPOINT WARNING * * *
Something bites you but does no damage.
You miss something. Something hits you.
* * * LOW HITPOINT WARNING * * *
Something bites you but does no damage.
You hit something. Something hits you but does no damage.
Something bites you but does no damage. Something hits you but does no damage.
Something bites you but does no damage.
Unknown command.
You feel much better. Something hits you but does no damage.
Something bites you.
Okay, then.
Unknown command.
You closely miss something. Something hits you but does no damage.
Something bites you but does no damage. Something hits you!
Something bites you but does no damage.
Unknown command.
Unknown command.
You miss something. Something hits you! Something bites you but does no damage.
Unknown command.
Unknown command.
You miss something. Something hits you.
* * * LOW HITPOINT WARNING * * *
Something bites you but does no damage. Something hits you!
You die... ▓▓▓▓▓▓▓▓▓▓▓▓▓▓▓▓▓▓▓▓▓▓▓▓ _______'..)..[[.@{z{gKW. ▓▓▓▓▓▓▓▓▓▓▓▓▓▓▓▓▓▓▓▓▓▓▓▓

You could see a wraith, a kobold brigand, a gnoll sergeant and a wight.

Vanquished Creatures
  A hound (D)
  3 adders (D)
  A giant cockroach (D)
  2 kobolds (D)
  A frilled lizard (D)
  A jackal zombie (D)
  A rat (D)
10 creatures vanquished.

Notes
Turn   | Place    | Note
-------+----------+-------------------------------------------
     0 | D        | Groucho the Gargoyle Fighter began the quest for the Orb.
     0 | D        | Reached XP level 1. HP: 14/14 MP: 1/1
   156 | D        | Noticed a hound
   162 | D        | Killed a hound
   163 | D        | Reached XP level 2. HP: 17/20 MP: 2/2
   163 | D        | Reached XP level 3. HP: 21/24 MP: 3/3
   180 | D        | Reached skill level 5 in Fighting
   180 | D        | Reached skill level 5 in Armour
   180 | D        | Reached skill level 5 in Shields
   184 | D        | Reached XP level 4. HP: 15/31 MP: 4/4
   539 | D        | Found a snail-covered altar of Cheibriados.
   539 | D        | Found a shadowy altar of Dithmenos.
   539 | D        | Found a white marble altar of Elyvilon.
   539 | D        | Found a blossoming altar of Fedhas.
   539 | D        | Found an opulent altar of Gozag.
   540 | D        | Found a hazy altar of Hepliaklqana.
   541 | D        | Found a viscous altar of Jiyva.
   542 | D        | Found an ancient bone altar of Kikubaaqudgha.
   543 | D        | Became a worshipper of Cheibriados the Contemplative
   544 | D        | Found a corrupted altar of Lugonu.
   545 | D        | Found a burning altar of Makhleb.
   546 | D        | Found a sparkling altar of Nemelex Xobeh.
   547 | D        | Found an iron altar of Okawaru.
   548 | D        | Found a stormy altar of Qazlal.
   549 | D        | Found a sacrificial altar of Ru.
   550 | D        | Found a shimmering blue altar of Sif Muna.
   551 | D        | Found a bloodstained altar of Trog.
   552 | D        | Found a hide-covered altar of Uskayaw.
   553 | D        | Found a radiant altar of Vehumet.
   554 | D        | Found an ornate altar of the Wu Jian Council.
   555 | D        | Found a shimmering altar of Xom.
   556 | D        | Found a basalt altar of Yredelemnul.
   557 | D        | Found a glowing silver altar of Zin.
   558 | D        | Found a glowing golden altar of the Shining One.
   605 | D        | Noticed a vampire
   605 | D        | Noticed a shadow
   605 | D        | Noticed a gnoll sergeant
   605 | D        | Noticed a kobold brigand
   605 | D        | Noticed a wraith
   613 | D        | HP: 1/31 [something (1)]
   618 | D        | Slain by a vampire

Illustrated notes

Levels and vault maps discovered:
D:        linesprint [early_d, line_temple, items_1, d_10, items_2, lair_1,
          lair_end, items_3, orc_1, orc_end, items_4, d_15, swamp_1, shoals_1,
          snake_1, spider_1, d_20, vaults_1, items_5, swamp_end, shoals_end,
          snake_end, spider_end, vaults_end, d_27, items_6, zot_1, zot_end,
          crypt_end, forest_end, elf_end, slime_end, tomb_end, abyss_end,
          pan_hell_end]

Skill      XL: |  1  2  3 |
---------------+----------+-----
Axes           | 3 |  3.8
Fighting       | 4 5 |  5.2
Armour         | 4 5 |  5.3
Shields        | 4 5 |  5.3

Action                   |  1- 3 |  4- 6 || total
-------------------------+-------+-------++-------
Melee: War axe           |    50 |     4 ||    54
       Broad axe         |       |     8 ||     8
  Use: Potion            |     3 |     3 ||     6
Armor: Scale mail        |    36 |    20 ||    56
Dodge: Dodged            |    17 |       ||    17
Block: Kite shield       |    22 |     2 ||    24
